 Dungeon Crawl Stone Soup version 0.29-a0-397-g846e4a0bbc (webtiles) character file.

Game seed: 13913779561465470962

1840 McIrco the Protected (level 8, -1/64 (73) HPs)
             Began as a Minotaur Fighter on May 11, 2022.
             Was an Initiate of Gozag.
             Slain by an orc knight
             ... wielding a +0 halberd
              (12 damage)
             ... in a bailey.
             The game lasted 00:11:21 (6310 turns).

McIrco the Protected (Minotaur Fighter)             Turns: 6310, Time: 00:11:22

HP:   -1/64 (73)    AC: 14    Str: 22    XL:     8   Next: 87%
MP:   7/7           EV:  9    Int:  5    God:    Gozag
Gold: 450           SH:  5    Dex: 11    Spells: 7/7 levels left

rFire   + . .      SeeInvis .   C - +0 war axe
rCold   . . .      Faith    .   c - +0 buckler
rNeg    . . .      Spirit   .   b - +0 scale mail
rPois   .          Reflect  .   r - +2 hat
rElec   .          Harm     .   (no cloak)
rCorr   +          Rampage  .   (no gloves)
Will    .....                   y - +2 pair of boots
Stlth   ..........              (no amulet)
HPRegen 0.20/turn               w - ring of protection from fire
MPRegen 0.10/turn               g - ring of resist corrosion

@: mighty, gold aura, heavily drained
A: horns 2, retaliatory headbutt
a: Renounce Religion, Potion Petition, Call Merchant, Bribe Branch


You were in a bailey.
You worshipped Gozag.
Gozag was aware of your devotion.
You visited 2 branches of the dungeon, and saw 8 of its levels.
You also visited: Bailey.

You collected 562 gold pieces.
You paid 112 gold pieces to Gozag.

Inventory:

Hand Weapons
 a - a +0 war axe
 j - a +0 spear
 C - a +0 war axe (weapon)
Missiles
 z - 4 javelins (quivered)
Armour
 b - a +0 scale mail (worn)
 c - a +0 buckler (worn)
 e - a +4 chain mail
 i - the +0 ring mail "Heobrown" {rN+}
   (You found it on level 2 of the Dungeon)

   rN:        It protects you from negative energy.
 r - a +2 hat (worn)
 y - a +2 pair of boots (worn)
Jewellery
 g - a ring of resist corrosion (right hand)
 w - a ring of protection from fire (left hand)
Scrolls
 f - a scroll of identify
 k - a scroll of noise
 l - a scroll of enchant weapon {unknown}
 o - a scroll of teleportation
 t - a scroll of fog
 v - a scroll of vulnerability {unknown}
 x - a scroll of immolation {unknown}
 A - a scroll of fear {unknown}
 B - a scroll of torment {unknown}
Potions
 d - 2 potions of might
 h - a potion of brilliance
 m - a potion of resistance
 n - 2 potions of cancellation
 p - a potion of mutation
 s - a potion of haste {unknown}
 u - a potion of ambrosia {unknown}
 D - a potion of magic {unknown}


   Skills:
 + Level 7.4 Fighting
 - Level 2.4 Axes
 * Level 11.5 Armour
 + Level 6.3 Shields


You had 7 spell levels left.
You didn't know any spells.
Your spell library contained the following spells:

 Spells                   Type           Power      Damage    Failure   Level
 Magic Dart               Conj           0%         1d3       82%         1
 Searing Ray              Conj           0%         2d4       91%         2
 Fulminant Prism          Conj/Hex       0%         3d6       100%        4


Dungeon Overview and Level Annotations

Branches:
Dungeon (7/15)             Temple (1/1) D:5          Bailey (1/1)

Altars:
Ashenzari
Dithmenos
Gozag
Hepliaklqana
Makhleb
Ru
Sif Muna
Trog
Uskayaw
Vehumet
Xom
The Shining One

Shops:
D:5 (

Annotations:
D:5 Blork the orc
D:6 Maggie


Innate Abilities, Weirdness & Mutations

You have a pair of horns on your head.
You reflexively headbutt those who attack you in melee.


Message History

Unknown command.
You feel very mighty all of a sudden.
There is an open door, spattered with blood here.
The gnoll barely misses you.
The orc knight hits you from afar with a +0 halberd!
There is an open door, spattered with blood here.
You slash the gnoll!
You kill the gnoll!
The orc knight hits you from afar with a +0 halberd!!
The orc knight closely misses you.
The orc knight hits you with a +0 halberd!!
* * * LOW HITPOINT WARNING * * *
The gnoll hits you from afar with a +1 halberd of draining.
* * * LOW HITPOINT WARNING * * *
You feel drained.
Things that are here:
5 gold pieces; a +1 halberd of draining; a +4 halberd of electrocution Unknown command.
You closely miss the orc knight.
The orc knight hits you but does no damage.
The gnoll barely misses you.
You feel much better. You block the orc knight's attack.
The gnoll hits you but does no damage.
You feel drained.
Unknown command.
You slice the orc knight!! Your headbutt misses the orc knight.
The orc knight is moderately wounded.
The orc knight hits you with a +0 halberd.
The gnoll hits you from afar with a +1 halberd of draining.
You feel drained. You block the gnoll's attack.
The orc knight hits you with a +0 halberd!
You slice the orc knight!!
The orc knight is heavily wounded.
The orc knight hits you with a +0 halberd!
* * * LOW HITPOINT WARNING * * *
The gnoll hits you but does no damage.
You feel drained.
You barely miss the orc knight. Your headbutt misses the orc knight.
The orc knight is heavily wounded.
The orc knight hits you with a +0 halberd!
You die...
Your body crumbles into a pile of gold. ##### ### ### #@'.###)###.# #o###'##'##'## gg#

##.....##
!.!.
###.....###
+!.⌠.
#.'..⌠..'.#
#.!.!
###...).###
#!.!
#...))##
+##+ +#
#'##)##'##
#.#.#
#.###)#


You could see an orc knight and 2 gnolls.

Vanquished Creatures
  Pikel (D:7)
  A steam dragon (D:7)
  A water moccasin (D:6)
  A bullfrog (D:5)
  A necrophage (D:5)
  4 wights (D:7)
  2 orc priests
  5 hounds
  3 jellies
  2 gnoll shamans
  2 iguanas (D:5)
  Natasha (thrice) (D:1)
  2 orc wizards
  17 gnolls
  2 adders
  A shadow imp (D:5)
  3 dart slugs
  26 orcs
  3 bats
  8 endoplasms
  5 giant cockroaches
  10 goblins
  6 hobgoblins
  7 jackals
  3 quokkas
  6 ball pythons
  6 frilled lizards
  A kobold (D:2)
  6 rats
138 creatures vanquished.

Notes
Turn   | Place    | Note
-------+----------+-------------------------------------------
     0 | D:1      | McIrco the Minotaur Fighter began the quest for the Orb.
     0 | D:1      | Reached XP level 1. HP: 19/19 MP: 0/0
    62 | D:1      | Reached XP level 2. HP: 27/27 MP: 1/1
   374 | D:1      | Reached skill level 4 in Armour
   908 | D:1      | Reached XP level 3. HP: 32/33 MP: 2/2
  1255 | D:2      | Noticed Natasha
  1341 | D:1      | Killed Natasha
  1463 | D:1      | Noticed Natasha
  1475 | D:1      | Killed Natasha
  1476 | D:1      | Reached XP level 4. HP: 16/41 MP: 3/3
  1825 | D:2      | Identified the +0 ring mail "Heobrown" {rN+}
  2109 | D:1      | Noticed Natasha
  2114 | D:1      | Killed Natasha
  2115 | D:1      | Reached skill level 5 in Armour
  2336 | D:2      | Reached skill level 5 in Fighting
  2869 | D:3      | Reached XP level 5. HP: 48/48 MP: 4/4
  3225 | D:4      | Reached skill level 6 in Armour
  3686 | D:5      | Entered Level 5 of the Dungeon
  3708 | D:5      | Found a staircase to the Ecumenical Temple.
  3715 | D:5      | Reached XP level 6. HP: 30/56 MP: 5/5
  3732 | Temple   | Entered the Ecumenical Temple
  4015 | Temple   | Became a worshipper of Gozag Ym Sagoz the Greedy
  4083 | D:5      | Reached skill level 7 in Armour
  4239 | D:5      | Reached skill level 5 in Shields
  4251 | D:5      | Identified the +0 leather armour "Enotweja" {rF+ Will+
                  | Dex+4}
  4266 | D:5      | Found Zaweunock's Antique Weapon Shoppe.
  4431 | D:5      | Reached XP level 7. HP: 51/62 MP: 6/6
  4637 | D:5      | Reached skill level 8 in Armour
  4692 | D:5      | Noticed Blork the orc
  5191 | D:6      | Noticed Maggie
  5204 | D:7      | Noticed Pikel
  5209 | D:7      | Killed Pikel
  5210 | D:7      | Reached skill level 10 in Armour
  5210 | D:7      | Reached XP level 8. HP: 58/71 MP: 7/7
  5249 | D:7      | Reached skill level 11 in Armour
  5287 | D:7      | Found a flagged portal.
  5318 | Bailey   | Entered a bailey
  6299 | Bailey   | Noticed an orc knight
  6310 | Bailey   | Slain by an orc knight

Illustrated notes

Levels and vault maps discovered:
D:1:      mrwooster_arrival_statue_3, layout_basic, serial_co_window_serial,
          co_window_corner_a, co_window_corner_a, co_window_paths_a,
          co_window_corner_a, co_window_of_opportunity_a, co_window_paths_b,
          co_window_broadway_c, co_window_paths_c, co_window_corner_cb,
          co_window_cross_2, co_window_2corner, co_window_unsneaky_path_c,
          co_window_4corner_a, glass_columns_a, glass_columns_c, glass_columns_b
D:2:      layout_loops_ring, uniq_natasha
D:3:      layout_basic
D:4:      layout_rooms
D:5:      layout_cave_pools, minmay_temple_entry_arrows, serial_gnoll_camp,
          gnoll_camp_mini_house, gnoll_camp_huts_basic,
          gnoll_camp_mini_loothouse, gnoll_camp_mini_hut, gnoll_camp_mini_shop,
          chequers_serial_rivers_large_a, uniq_ijyb, uniq_grinder,
          uniq_blork_the_orc, uniq_menkaure
D:6:      layout_basic, minmay_mini_ossuary, uniq_maggie
D:7:      cheibrodos_quashed, layout_loops_cross, overflow_temple_1_default,
          enter_bailey_5, roderic_lattice_a, uniq_pikel
Temple:   minmay_crystal_snake_temple
Bailey:   bailey_polearm_nasty_gnolls, bailey

Skill      XL: |  1  2  3  4  5  6  7  8 |
---------------+-------------------------+-----
Fighting       | 4 5 6 7 |  7.4
Armour         | 4 5 6 7 10 11 | 11.5
Shields        | 4 5 6 |  6.3
Axes           | |  2.4

Action                   |  1- 3 |  4- 6 |  7- 9 || total
-------------------------+-------+-------+-------++-------
Melee: War axe           |    55 |   131 |   144 ||   330
       Headbutt          |    12 |    20 |    24 ||    56
  Use: Scroll            |       |     4 |     7 ||    11
       Potion            |       |       |     5 ||     5
Armor: Scale mail        |    29 |    74 |    97 ||   200
Dodge: Dodged            |    32 |    89 |    66 ||   187
Block: Buckler           |    10 |    40 |    41 ||    91

Table legend: (Time is in decaauts)
 A = Elapsed time spent in this place.
 B = Non-inter-level travel time spent in this place.
 C = Inter-level travel time spent in this place.
 D = Time resting spent in this place.
 E = Time spent auto-exploring this place.
 F = Levels seen in this place.
 G = Mean time per level.
                   A        B        C        D        E       F      G
               +--------+--------+--------+--------+--------+-----+--------+
         Total |   6505 |   5970 |    535 |   1614 |   3177 |   9 |  722.8 |
       Dungeon |   5159 |   4674 |    485 |   1004 |   2652 |   7 |  737.0 |
        Temple |    333 |    283 |     50 |    199 |     69 |   1 |  333.0 |
        Bailey |   1012 |   1012 |      0 |    411 |    456 |   1 | 1012.0 |
               +--------+--------+--------+--------+--------+-----+--------+

Top non-repeatable levels by time:
     D:1: 2003 daAuts
     D:4: 1022 daAuts
  Bailey: 1012 daAuts
     D:5: 738 daAuts
     D:2: 652 daAuts
     D:3: 443 daAuts
  Temple: 333 daAuts
     D:6: 162 daAuts
     D:7: 137 daAuts
